 Dungeon Crawl Stone Soup version 0.26.1-11-gd32895ea62 (webtiles) character file.

Game seed: 5316139316400293647

235 phalm the Grasshopper (level 6, -1/50 HPs)
             Began as a Gnoll Warper on May 10, 2021.
             Was a Follower of Wu Jian.
             Splashed by a jelly's acid (7 damage)
             ... on level 3 of the Dungeon.
             The game lasted 00:08:22 (3864 turns).

phalm the Grasshopper (Gnoll Warper)                Turns: 3864, Time: 00:08:23

Health: -1/50      AC: -8    Str: 15    XL:     6   Next: 6%
Magic:  13/13      EV: 11    Int: 16    God:    Wu Jian [*.....]
Gold:   173        SH:  8    Dex: 14    Spells: 13/15 levels left

rFire    . . .     SeeInvis .   a - +1 falchion
rCold    . . .     Faith    .   p - +0 kite shield
rNeg     . . .     Spirit   .   b - +0 leather armour
rPois    .         Reflect  .   (no helmet)
rElec    .         Harm     .   (no cloak)
rCorr    .         Rampage  .   (no gloves)
Will     .....                  (no boots)
Stlth    ++........             (no amulet)
HPRegen  0.16/turn              (no ring)
MPRegen  0.13/turn              (no ring)

@: corroded
A: distributed training, fangs 1, strong nose
a: Renounce Religion


You were on level 3 of the Dungeon.
You worshipped Wu Jian.
Wu Jian was aware of your devotion.
You visited 1 branch of the dungeon, and saw 3 of its levels.

You collected 173 gold pieces.


Innate Abilities, Weirdness & Mutations

Your experience applies equally to all skills.
You have very sharp teeth.
Your uncanny sense of smell can sniff out nearby items.


   Skills:
 + Level 4.9 Fighting
 + Level 1.8 Short Blades
 + Level 4.9 Long Blades
 + Level 1.8 Axes
 + Level 1.8 Maces & Flails
 + Level 1.8 Polearms
 + Level 1.8 Staves
 + Level 1.8 Slings
 + Level 1.8 Bows
 + Level 1.8 Crossbows
 + Level 3.1 Throwing
 + Level 3.1 Armour
 + Level 4.9 Dodging
 + Level 1.8 Stealth
 + Level 1.8 Shields
 + Level 1.8 Unarmed Combat
 + Level 5.3 Spellcasting
 + Level 1.4 Conjurations
 + Level 1.4 Hexes
 + Level 1.4 Summonings
 + Level 1.4 Necromancy
 + Level 5.6 Translocations
 + Level 1.4 Transmutations
 + Level 1.4 Fire Magic
 + Level 1.4 Ice Magic
 + Level 1.4 Air Magic
 + Level 1.4 Earth Magic
 + Level 1.4 Poison Magic
 + Level 2.0 Invocations
 + Level 1.8 Evocations


You had 13 spell levels left.
You knew the following spells:

 Your Spells              Type           Power        Failure   Level
B - Blink                 Tloc           N/A          16%         2

Your spell library contained the following spells:

 Spells                   Type           Power        Failure   Level
 Gell's Gravitas          Tloc           11%          30%         3
 Lesser Beckoning         Tloc           11%          30%         3
 Teleport Other           Tloc           22%          30%         3
 Passage of Golubria      Tloc           N/A          69%         4

Inventory:

Hand Weapons
 a - a +1 falchion (weapon)
Missiles
 c - 159 stones
 e - 5 boomerangs of dispersal {=f!f}
 i - 38 arrows
 r - 9 poisoned darts (quivered)
 t - 20 bolts
Armour
 b - a +0 leather armour (worn)
 p - a +0 kite shield (worn)
   (You found it on level 1 of the Dungeon)
 s - a +0 helmet
   (You took it off Robin on level 2 of the Dungeon)
Jewellery
 C - an uncursed ring of ice
   (You found it on level 1 of the Dungeon)
 Q - an uncursed ring of stealth
   (You took it off an orc on level 2 of the Dungeon)
Scrolls
 d - a scroll of blinking {!r}
 f - 3 scrolls of enchant weapon
 h - 2 scrolls of magic mapping {unknown}
 l - 2 scrolls of teleportation {unknown}
 m - 5 scrolls of identify {unknown}
 n - a scroll of amnesia {unknown}
 q - 3 scrolls of remove curse {@r2}
 u - a scroll of immolation {unknown}
 w - a scroll of enchant armour {unknown}
Potions
 g - a potion of brilliance {unknown}
 j - a potion of lignification {unknown}
 k - a potion of attraction {unknown}
 o - a potion of mutation {unknown}
 v - 3 potions of curing {unknown}
 x - a potion of degeneration {unknown}

Dungeon Overview and Level Annotations

Branches:
Dungeon (3/15)

Altars:
Hepliaklqana
Nemelex Xobeh
Okawaru
Vehumet
Wu Jian

....##.# ######.##.#
....##.# #......##.#
....##.###......##.#
...###.##.......##.#
######.##.......##.#
....##.##.......##.#
###.##.###......)..#
###..#.###.....#############
.........'.....'@.........>#
####...###.....##J#.########
##..##########J#.######
#####.........J.......)..#
....##)##########.#.####.#
....................# #.#
###.###.##....###.######.#
#.# #..#....###......#.#
###.# ##J#..........[#.#.#


You could see a jelly and an ooze.


Message History

You lost 2 mp, and now have 10/12 mp.
Casting: Blink (safe; 16% risk of failure)
Confirm with . or Enter, or press ? or * to list all spells.
You blink.
The jelly jiggles.
The ooze hits the fungus.
The fungus begins to die. 😱 MP[-2]
You lost 2 mp, and now have 8/12 mp.
You aren't carrying any items that you can evoke.
Okay, then.
As you read the scroll labelled PITHAH VIXZUPP, it crumbles to dust.
It is a scroll of enchant weapon.
Your +0 falchion glows red for a moment.
Okay, then.
As you read the scroll labelled QUNYNNU IMEOHA, it crumbles to dust.
You feel blessed for a moment.
It was a scroll of remove curse.
A nearby fungus withers and dies. 😨 HP[+1]
Casting: Blink (safe; 16% risk of failure)
Confirm with . or Enter, or press ? or * to list all spells.
You blink.
You block the ooze's attack.
Your magical contamination has completely faded away. 😨 MP[-2]
You lost 2 mp, and now have 6/12 mp.
There is an open door here. 😨 MP[+1]
You lunge at the jelly.
You hit the jelly.
Your hands burn!
* * * LOW HITPOINT WARNING * * *
The jelly barely misses you.
You see here a +0 dagger. 😱 HP[-2]
You take 2 damage, and now have 9/43 hp.
You hit the jelly but do no damage.
Your hands burn!
* * * LOW HITPOINT WARNING * * *
You bite the jelly, but do no damage. You block the jelly's attack.
The ooze hits you.
* * * LOW HITPOINT WARNING * * *
😱 HP[-4]
You take 4 damage, and now have 5/43 hp.
You hit the jelly.
You kill the jelly!
The Council accepts your kill. The ooze barely misses you.
You riposte.
You hit the ooze but do no damage.
Your Invocations skill increases to level 2!
You have reached level 6!
Your experience leads to an increase in your attributes!
Increase (S)trength, (I)ntelligence, or (D)exterity?
You feel stronger. 😱 HP[+1]
You now have 50 max hp (+7). 😱 HP[+1]
You are no longer corroded. 😱 MP[+1]
There is an open door here. 😱 HP[+1] 😱 MP[+1] 😱 HP[+1]
There is an open gate here. 😱 MP[+1]
Items here: )))). 😱 HP[+1] 😱 HP[+1] 😱 MP[+1] 😱 HP[+1] 😱 MP[+1]
You see here a +0 whip. 😨 HP[+1] 😨 MP[+1]
Your mp is fully restored (13). 😨 HP[+1] Throw: 10 darts (poison)
Press: ? - help, Q - select action, (/) - cycle Shift-Dir - straight line, f - ooze
Aim: an ooze (86% to hit)
You throw a poisoned dart. The poisoned dart hits the ooze!
You hit the ooze. The ooze barely misses you.
You hit the ooze. You bite the ooze. You block the ooze's attack.
Your shield prevents you from hitting the ooze.
The ooze hits you.
* * * LOW HITPOINT WARNING * * *
The ooze closely misses you. 😨 HP[-1]
You take 1 damage, and now have 13/50 hp.
You hit the ooze.
You kill the ooze!
The Council accepts your kill.
You hit the jelly but do no damage. The acid corrodes you!
Your hands burn!
* * * LOW HITPOINT WARNING * * *
The jelly barely misses you. 😱 HP[-2]
You take 2 damage, and now have 11/50 hp.
Unknown command.
You barely miss the jelly. You block the jelly's attack. 😱 HP[+1]
You slash the jelly! The acid corrodes you!
Your hands burn!
* * * LOW HITPOINT WARNING * * *
You bite the jelly, but do no damage. The jelly hits you.
* * * LOW HITPOINT WARNING * * *
The acid corrodes you!
You are splashed with acid!
You die...

Skill      XL: |  1  2  3  4  5 |
---------------+----------------+-----
Spellcasting   | 5 |  5.3
Invocations    | 1 2 |  2.0
Short Blades   | 1 |  1.8
Axes           | 1 |  1.8
Maces & Flails | 1 |  1.8
Polearms       | 1 |  1.8
Staves         | 1 |  1.8
Slings         | 1 |  1.8
Bows           | 1 |  1.8
Crossbows      | 1 |  1.8
Stealth        | 1 |  1.8
Shields        | 1 |  1.8
Unarmed Combat | 1 |  1.8
Evocations     | 1 |  1.8
Conjurations   | 1 |  1.4
Hexes          | 1 |  1.4
Summonings     | 1 |  1.4
Necromancy     | 1 |  1.4
Transmutations | 1 |  1.4
Fire Magic     | 1 |  1.4
Ice Magic      | 1 |  1.4
Air Magic      | 1 |  1.4
Earth Magic    | 1 |  1.4
Poison Magic   | 1 |  1.4
Throwing       | 3 |  3.1
Armour         | 3 |  3.1
Fighting       | |  4.9
Long Blades    | |  4.9
Dodging        | |  4.9
Translocations | |  5.6

Action                   |  1- 3 |  4- 6 || total
-------------------------+-------+-------++-------
Melee: Falchion          |    60 |   170 ||   230
       Bite              |     7 |    22 ||    29
Throw: Dart              |    71 |   106 ||   177
       Stone             |       |    24 ||    24
 Cast: Blink             |       |     2 ||     2
Invok: Lunge             |       |     5 ||     5
  Use: Scroll            |       |     2 ||     2
 Stab: Sleeping          |     1 |       ||     1
Armor: Leather armour    |    18 |    20 ||    38
Dodge: Dodged            |    53 |    90 ||   143
Block: Kite shield       |    20 |    72 ||    92
       Rpst.: Falchion   |    23 |    23 ||    46

Levels and vault maps discovered:
D:1:      lightli_arrival_quake, layout_rooms
D:2:      layout_rooms, nzn_hepliaklqana_mist_gate,
          chequers_temple_overflow_minitemple, serial_bayou_lagoon_a,
          grunt_ministairs_14, uniq_robin
D:3:      cheibrodos_fertilizer, layout_basic, okawaru_ov_weapons_minmay,
          uniq_jessica

Notes
Turn   | Place    | Note
-------+----------+-------------------------------------------
     0 | D:1      | phalm the Gnoll Warper began the quest for the Orb.
     0 | D:1      | Reached XP level 1. HP: 20/20 MP: 6/6
     0 | D:1      | magus.rc [v1.9.10]
   133 | D:1      | Reached XP level 2. HP: 26/26 MP: 7/7
   137 | D:1      | Learned a level 2 spell: Blink
   549 | D:1      | Reached XP level 3. HP: 31/31 MP: 9/9
   677 | D:1      | Reached skill level 5 in Spellcasting
   814 | D:2      | Noticed Robin
  1069 | D:1      | Reached skill level 1 in Invocations
  1268 | D:2      | Reached skill level 1 in Short Blades
  1268 | D:2      | Reached skill level 1 in Axes
  1268 | D:2      | Reached skill level 1 in Maces & Flails
  1268 | D:2      | Reached skill level 1 in Polearms
  1268 | D:2      | Reached skill level 1 in Staves
  1268 | D:2      | Reached skill level 1 in Slings
  1268 | D:2      | Reached skill level 1 in Bows
  1268 | D:2      | Reached skill level 1 in Crossbows
  1268 | D:2      | Reached skill level 1 in Stealth
  1268 | D:2      | Reached skill level 1 in Shields
  1268 | D:2      | Reached skill level 1 in Unarmed Combat
  1268 | D:2      | Reached skill level 1 in Evocations
  1330 | D:2      | Reached XP level 4. HP: 38/38 MP: 11/11
  1413 | D:2      | Killed Robin
  1604 | D:2      | Reached skill level 1 in Conjurations
  1604 | D:2      | Reached skill level 1 in Hexes
  1604 | D:2      | Reached skill level 1 in Summonings
  1604 | D:2      | Reached skill level 1 in Necromancy
  1604 | D:2      | Reached skill level 1 in Transmutations
  1604 | D:2      | Reached skill level 1 in Fire Magic
  1604 | D:2      | Reached skill level 1 in Ice Magic
  1604 | D:2      | Reached skill level 1 in Air Magic
  1604 | D:2      | Reached skill level 1 in Earth Magic
  1604 | D:2      | Reached skill level 1 in Poison Magic
  2004 | D:2      | Found a sparkling altar of Nemelex Xobeh.
  2004 | D:2      | Found an ornate altar of the Wu Jian Council.
  2011 | D:2      | Found a faded altar of an unknown god.
  2027 | D:2      | Became a worshipper of the Wu Jian Council
  2044 | D:2      | Found a radiant altar of Vehumet.
  2046 | D:2      | Found a faded altar of an unknown god.
  2256 | D:2      | HP: 7/38 [worm (6)]
  2287 | D:2      | Reached XP level 5. HP: 11/43 MP: 12/12
  2547 | D:2      | Found a hazy altar of Hepliaklqana.
  3123 | D:3      | Reached * piety under Wu Jian
  3232 | D:3      | Noticed Jessica
  3241 | D:3      | Killed Jessica
  3242 | D:3      | Reached skill level 3 in Throwing
  3242 | D:3      | Reached skill level 3 in Armour
  3536 | D:3      | Found an iron altar of Okawaru.
  3794 | D:3      | HP: 10/43 [acid (9)]
  3804 | D:3      | HP: 9/43 [acid (2)]
  3807 | D:3      | Reached skill level 2 in Invocations
  3807 | D:3      | Reached XP level 6. HP: 6/50 MP: 7/13
  3859 | D:3      | HP: 11/50 [acid (2)]
  3864 | D:3      | HP: 9/50 [acid (3)]
  3864 | D:3      | Splashed by a jelly's acid

Vanquished Creatures
  A jelly (D:3)
  Jessica (D:3)
  Robin (D:2)
  3 adders
  3 oozes (D:3)
  4 worms
  5 dart slugs
  3 leopard geckos
  3 orcs (D:2)
  A ball python (D:3)
  6 bats
  4 giant cockroaches
  19 goblins
  11 hobgoblins
  9 jackals
  12 kobolds
  A quokka (D:2)
  3 frilled lizards
  7 rats
97 creatures vanquished.

Vanquished Creatures (others)
  9 fungi (D:3)
  35 plants (D:2)
  5 toadstools (D:3)
49 creatures vanquished.

Grand Total: 146 creatures vanquished

Table legend:
 A = Non-vault XP
 B = Vault XP
 C = Vault XP percentage of total XP
 D = Non-vault monster count
 E = Vault monster count
 F = Vault count percentage of total count
                 A         B        C        D         E       F
            +---------+---------+-------+---------+---------+-------
      Total |     177 |     160 |  47.5 |      71 |      26 |  26.8
            +---------+---------+-------+---------+---------+-------
        D:1 |      42 |      16 |  27.6 |      23 |       8 |  25.8
        D:2 |      72 |      35 |  32.7 |      26 |       6 |  18.8
        D:3 |      63 |     109 |  63.4 |      22 |      12 |  35.3
            +---------+---------+-------+---------+---------+-------

Illustrated notes

Table legend:
 A = Kills in this place as a percentage of kills in entire the game.
 B = Kills by you in this place as a percentage of kills by you in the entire game.
 C = Kills by friends in this place as a percentage of kills by friends in the entire game.
 D = Other kills in this place as a percentage of other kills in the entire game.
 E = Experience gained in this place as a percentage of experience gained in the entire game.
 F = Experience gained in this place divided by the number of levels of this place that you have seen.
                   A       B       C       D       E      F
               +-------+-------+-------+-------+-------+----------------------
         Total | 100.0 | 100.0 |   N/A |   N/A | 100.0 | 112.3
       Dungeon | 100.0 | 100.0 |   N/A |   N/A | 100.0 | 112.3
               +-------+-------+-------+-------+-------+----------------------

Table legend: (Time is in decaauts)
 A = Elapsed time spent in this place.
 B = Non-inter-level travel time spent in this place.
 C = Inter-level travel time spent in this place.
 D = Time resting spent in this place.
 E = Time spent auto-exploring this place.
 F = Levels seen in this place.
 G = Mean time per level.
                   A        B        C        D        E       F      G
               +--------+--------+--------+--------+--------+-----+--------+
         Total |   3896 |   3817 |     79 |      0 |   3024 |   3 | 1298.7 |
       Dungeon |   3896 |   3817 |     79 |      0 |   3024 |   3 | 1298.7 |
               +--------+--------+--------+--------+--------+-----+--------+

Top non-repeatable levels by time:
     D:2: 1370 daAuts
     D:3: 1290 daAuts
     D:1: 1235 daAuts
